 Dungeon Crawl Stone Soup version 0.24.1-14-gf8d2b509d9 (webtiles) character file.

Game seed: 842994772307238535, levelgen mode: deterministic

5818 Huri the Carver (level 10, -2/93 (94) HPs)
             Began as a Minotaur Fighter on Oct 28, 2020.
             Was a Believer of Trog.
             Slain by a komodo dragon (5 damage)
             ... on level 1 of the Lair of Beasts on Oct 30, 2020.
             The game lasted 01:00:22 (9789 turns).

Huri the Carver (Minotaur Fighter)                  Turns: 9789, Time: 01:00:23

HP:   -2/93 (94)    AC: 18    Str: 23    XL:     10   Next: 51%
MP:   9/9           EV: 10    Int:  5    God:    Trog [**....]
Gold: 538           SH:  0    Dex: 13    Spells: 9/9 levels left

rFire    + . .     SeeInvis .   a - +1 long sword
rCold    + . .     Gourm    .   (no shield)
rNeg     . . .     Faith    .   w - +4 scale mail {rF+}
rPois    .         Spirit   .   (helmet restricted)
rElec    .         Reflect  .   F - +2 cloak
rCorr    .         Harm     .   (no gloves)
MR       .....                  k - +2 pair of boots
Stlth    ..........             (no amulet)
HPRegen  0.25/turn              n - +2 ring of dexterity
MPRegen  0.11/turn              o - ring of protection from cold

@: no status effects
A: retaliatory headbutt, horns 2
a: Berserk, Trog's Hand, Renounce Religion


You were on level 1 of the Lair of Beasts.
You worshipped Trog.
Trog was pleased with you.
You were not hungry.

You visited 2 branches of the dungeon, and saw 11 of its levels.

You collected 538 gold pieces.

Inventory:

Hand Weapons
 a - a +1 long sword (weapon)
 b - a +1 shortbow
 j - a +3 hand axe of draining
 x - a +0 whip of flaming
 z - a +0 whip of venom
 B - the +5 double sword "Ygeujes" {holy, +Blink rC+ Int-2}
   (You acquired it on level 9 of the Dungeon)

   It has been blessed by the Shining One to cause great damage to the undead
   and demons.
   It affects your intelligence (-2).
   It protects you from cold.
   It lets you blink.
 K - a +0 flail
Missiles
 e - 110 arrows
 i - 333 stones
 q - 22 poisoned darts
 t - 39 bolts
 H - 6 boomerangs (quivered)
 L - 45 sling bullets
Armour
 c - a +0 shield
 k - a +2 pair of boots (worn)
 v - a +0 chain mail
 w - a +4 scale mail of fire resistance (worn)
 F - a +2 cloak (worn)
Jewellery
 g - an uncursed ring of flight
 n - a +2 ring of dexterity (left hand)
 o - a ring of protection from cold (right hand)
Wands
 p - a wand of iceblast (21)
 s - a wand of polymorph (7)
 G - a wand of disintegration (15)
 J - a wand of flame (18)
 M - a wand of enslavement (11)
Scrolls
 l - 2 scrolls of fog
 y - 2 scrolls of blinking
 A - a scroll of magic mapping
 D - 2 scrolls of amnesia
 E - 2 scrolls of remove curse
 I - 3 scrolls of identify
Potions
 d - 4 potions of might
 h - 2 potions of resistance
 m - a potion of degeneration
 r - a potion of invisibility
 u - 4 potions of haste
 C - 4 potions of curing
 N - a potion of brilliance {unknown}
Comestibles
 f - 15 rations


   Skills:
 * Level 10.4 Fighting
 + Level 10.7 Long Blades
 * Level 6.8 Bows
 - Level 1.8 Throwing
 - Level 8.0 Armour
 - Level 1.5 Stealth
 - Level 6.7 Shields


You had 9 spell levels left.
You didn't know any spells.
Your spell library contained the following spells:

 Spells                   Type           Power        Failure   Level  Hunger
 Confusing Touch          Hex            #.....       75%         1    ##.....
 Ensorcelled Hibernation  Hex/Ice        #.....       87%         2    ###....
 Passwall                 Tmut/Erth      #.......     87%         2    ###....
 Confuse                  Hex            #.......     98%         3    ####...
 Gell's Gravitas          Tloc           #.........   98%         3    ####...
 Petrify                  Tmut/Erth      #.......     100%        4    #####..
 Lee's Rapid Deconstruct  Erth           #.........   100%        5    ######.
 Metabolic Englaciation   Hex/Ice        #.........   100%        5    ######.
 Silence                  Hex/Air        #.........   100%        5    ######.
 Yara's Violent Unravell  Hex/Tmut       #.........   100%        5    ######.
 Iron Shot                Conj/Erth      #.........   100%        6    #######


Dungeon Overview and Level Annotations

Branches:
Dungeon (10/15)            Temple (0/1) D:7            Lair (1/6) D:8
    Orc: D:9-12

Altars:
Cheibriados
Elyvilon
Gozag
Okawaru
Trog
Uskayaw
Vehumet
Wu Jian
Zin

Shops:
D:8 :

Annotations:
D:9 1 runed translucent door, grimtooth's ghost, novice DrTm


Innate Abilities, Weirdness & Mutations

You reflexively headbutt those who attack you in melee.
You have a pair of horns on your head.


Message History

An adder comes into view.
You hit the komodo dragon.
The komodo dragon is heavily wounded.
The komodo dragon closely misses you.
You slash the komodo dragon!
The komodo dragon is severely wounded.
The komodo dragon bites you!!
* * * LOW HITPOINT WARNING * * *
You slash the komodo dragon!
The komodo dragon is almost dead.
The komodo dragon barely misses you. You furiously retaliate!
You headbutt the komodo dragon, but do no damage.
You hit the komodo dragon.
The komodo dragon is almost dead.
The komodo dragon bites you!!
* * * LOW HITPOINT WARNING * * *
You closely miss the komodo dragon.
The komodo dragon is almost dead.
The komodo dragon bites you.
You die... .PPPPPPP.P## $.PPPPPPPP.#

.. ...PPPP...P#
....
....P.PP...##....
...(P.P.P.PP.....
.................
..(..(l..........
......S@.........
.................
.................
.................
.......รท.........
.......<.........
.................
.####+###....)...
#....#..P


You could see a komodo dragon and an adder.

Vanquished Creatures
  Pikel (D:8)
  A black mamba (Lair:1)
  A spiny frog (D:8)
  A komodo dragon (Lair:1)
  A troll (D:9)
  Prince Ribbit (D:5)
  2 wyverns
  6 yaks (D:9)
  2 ice beasts
  2 black bears
  A necrophage (D:8)
  4 phantoms
  2 slaves (D:8)
  3 ogres
  2 centaurs (D:8)
  2 big kobolds (D:8)
  2 bullfrogs
  2 scorpions
  3 killer bees (D:8)
  3 howler monkeys
  5 crimson imps
  3 jellies
  A quasit (D:8)
  4 hounds
  An orc priest (D:9)
  3 bullfrog skeletons
  3 orc wizards (D:5)
  2 iguanas (D:8)
  A worker ant (D:8)
  A hound skeleton (D:4)
  2 worker ant zombies
  18 adders
  A shadow imp (D:5)
  An adder zombie (D:5)
  A worm (D:3)
  4 leopard geckos
  25 orcs
  2 ball pythons
  14 bats
  14 giant cockroaches
  4 goblins
  10 hobgoblins
  3 jackals (D:3)
  2 quokkas
  9 frilled lizards
  A jackal skeleton (D:8)
  20 kobolds
  6 rats
203 creatures vanquished.

Vanquished Creatures (others)
  A crimson imp (D:8)
  4 plants (D:9)
5 creatures vanquished.

Grand Total: 208 creatures vanquished

Notes
Turn   | Place    | Note
-------+----------+-------------------------------------------
     0 | D:1      | Huri the Minotaur Fighter began the quest for the Orb.
     0 | D:1      | Reached XP level 1. HP: 19/19 MP: 0/0
   341 | D:1      | Reached XP level 2. HP: 21/27 MP: 1/1
   792 | D:1      | Reached XP level 3. HP: 32/33 MP: 2/2
  1878 | D:3      | Reached XP level 4. HP: 30/40 MP: 3/3
  1932 | D:3      | Found a glowing silver altar of Zin.
  2107 | D:3      | Noticed a bullfrog
  2118 | D:3      | Killed a bullfrog
  2118 | D:3      | Reached XP level 5. HP: 24/47 MP: 4/4
  2657 | D:4      | Reached skill level 5 in Fighting
  2808 | D:4      | Reached skill level 5 in Long Blades
  2853 | D:4      | Reached skill level 5 in Shields
  2859 | D:4      | Reached XP level 6. HP: 56/56 MP: 5/5
  2930 | D:4      | Identified the Tome of Yeast
  3100 | D:5      | Entered Level 5 of the Dungeon
  3427 | D:5      | Noticed Prince Ribbit
  3440 | D:5      | Killed Prince Ribbit
  3440 | D:5      | Reached XP level 7. HP: 16/62 MP: 6/6
  3708 | D:5      | Reached skill level 5 in Armour
  3837 | D:5      | Reached skill level 1 in Throwing
  3848 | D:5      | Reached skill level 1 in Stealth
  4439 | D:6      | Reached XP level 8. HP: 56/70 MP: 7/7
  4875 | D:7      | Found a bloodstained altar of Trog.
  4883 | D:7      | Became a worshipper of Trog the Wrathful
  5837 | D:7      | Found a staircase to the Ecumenical Temple.
  6081 | D:8      | Noticed Pikel
  6110 | D:8      | Killed Pikel
  6110 | D:8      | Reached XP level 9. HP: 33/79 MP: 8/8
  6519 | D:8      | Found Dudeucho's Book Shop.
  6741 | D:8      | Reached * piety under Trog
  6773 | D:8      | Found a staircase to the Lair.
  7143 | D:8      | Reached skill level 5 in Bows
  7700 | D:9      | Noticed a troll
  7712 | D:9      | Killed a troll
  7712 | D:9      | Reached skill level 10 in Long Blades
  7899 | D:9      | Found a snail-covered altar of Cheibriados.
  7900 | D:9      | Found a white marble altar of Elyvilon.
  7900 | D:9      | Found an opulent altar of Gozag.
  7902 | D:9      | Found a hide-covered altar of Uskayaw.
  7904 | D:9      | Found an ornate altar of the Wu Jian Council.
  7904 | D:9      | Found a radiant altar of Vehumet.
  7905 | D:9      | Found an iron altar of Okawaru.
  7930 | D:9      | Found a runed translucent door.
  7931 | D:9      | Noticed grimtooth's ghost (novice DrTm)
  7931 | D:9      | Identified the cursed +1 spear "Acarineslayer" {drain, +Inv
                  | rElec MR- Str-4}
  7934 | D:9      | Noticed a polar bear
  7995 | D:9      | Reached XP level 10. HP: 90/90 MP: 9/9
  8082 | D:10     | Entered Level 10 of the Dungeon
  8264 | D:9      | Reached ** piety under Trog
  9119 | Lair:1   | Entered Level 1 of the Lair of Beasts
  9122 | Lair:1   | Noticed a black mamba
  9124 | Lair:1   | Noticed an eight-headed hydra
  9129 | Lair:1   | Killed a black mamba
  9129 | Lair:1   | Reached skill level 10 in Fighting
  9131 | Lair:1   | Noticed a spiny frog
  9480 | D:9      | Identified a scroll of acquirement
  9482 | D:9      | Got an ebony double sword
  9483 | D:9      | Identified the +5 double sword "Ygeujes" {holy, +Blink rC+
                  | Int-2} (You acquired it on level 9 of the Dungeon)
  9570 | D:8      | Killed a spiny frog
  9788 | Lair:1   | HP: 3/93 [komodo dragon (20)]
  9789 | Lair:1   | Slain by a komodo dragon

Levels and vault maps discovered:
D:1:      erik_arrival_cave_to_civilisation [erik_arrival_cave_to_temple],
          layout_basic, minmay_quantized
D:2:      layout_basic, chequers_jeans, nrook_mini_vaults
D:3:      layout_rooms, lemuel_round_altar, first_ration,
          kennysheep_decorative_pillar
D:4:      layout_cave_pools, kennysheep_windowed_goal
D:5:      layout_rooms, uniq_prince_ribbit1
D:6:      layout_basic
D:7:      layout_layer_cave, lemuel_crystal_altar, minmay_temple_entry_poolview,
          minmay_misc_feat_cross, grunt_ogre_cave
D:8:      layout_basic, lair_entry_dummy, serial_shops, shop, uniq_pikel
D:9:      layout_cross, grunt_temple_overflow_open, ebering_ghost_funeral_grove
D:10:     layout_stronghold, erik_orc_2, enter_trove_1
Lair:1:   minmay_lair_venomous_thicket, layout_regular_city, basic_altar,
          columned_hall_lemuel, minivault_24

Skill      XL: |  1  2  3  4  5  6  7  8  9 10 |
---------------+-------------------------------+-----
Shields        | 4 5 6 |  6.7
Armour         | 4 5 6 7 8 |  8.0
Fighting       | 4 5 6 7 9 10 | 10.4
Long Blades    | 3 4 5 6 7 8 10 | 10.7
Throwing       | 1 |  1.8
Stealth        | 1 |  1.5
Bows           | 2 5 6 |  6.8

Action                   |  1- 3 |  4- 6 |  7- 9 | 10-12 || total
-------------------------+-------+-------+-------+-------++-------
Melee: Long sword        |    98 |   151 |   260 |    73 ||   582
       Headbutt          |     9 |    34 |    61 |    24 ||   128
 Fire: Shortbow          |       |       |    32 |    14 ||    46
Throw: Stone             |     4 |       |       |       ||     4
       Dart              |     5 |     9 |     4 |       ||    18
       Boomerang         |       |       |    32 |       ||    32
  Use: Scroll            |     4 |     8 |    12 |     7 ||    31
       Potion            |       |     2 |     1 |       ||     3
  Eat: Chunk             |     3 |     4 |     9 |     2 ||    18
       Ration            |       |     1 |     1 |     1 ||     3
Armor: Scale mail        |    26 |     5 |   154 |    39 ||   224
       Leather armour    |    22 |    41 |     6 |       ||    69
       Chain mail        |       |       |    12 |       ||    12
       Skin              |       |       |    16 |       ||    16
Dodge: Dodged            |    41 |    53 |   142 |    50 ||   286
Block: Shield            |    47 |    93 |    63 |       ||   203
       Rpst.: Long sword |    11 |    17 |    38 |    13 ||    79
